 Dungeon Crawl Stone Soup version 0.27.1-2-g3b301248ec (webtiles) character file.

Game seed: 1506431749698442538

1168 Oddysee the Skirmisher (level 8, -9/51 HPs)
             Began as a Gargoyle Fighter on Oct 2, 2021.
             Killed by divine providence
             ... invoked by an orc priest
              (17 damage)
             ... on level 6 of the Dungeon.
             The game lasted 00:08:51 (5280 turns).

Oddysee the Skirmisher (Gargoyle Fighter)           Turns: 5280, Time: 00:08:51

Health: -9/51      AC: 17    Str: 21    XL:     8   Next: 40%
Magic:  8/8        EV:  6    Int: 10    God:
Gold:   319        SH: 10    Dex:  9    Spells: 7/7 levels left

rFire    . . .     SeeInvis .   h - +5 war axe
rCold    . . .     Faith    .   c - +0 kite shield
rNeg     + . .     Spirit   .   f - +0 chain mail
rPois    ∞         Reflect  .   (no helmet)
rElec    +         Harm     .   (no cloak)
rCorr    +         Rampage  .   (no gloves)
Will     .....                  e - +0 pair of boots
Stlth    ..........             (no amulet)
HPRegen  0.17/turn              k - ring of resist corrosion
MPRegen  0.11/turn              (no ring)

@: about to teleport
A: sickness immunity, AC +5, negative energy resistance 1, electricity
resistance, torment resistance 1, petrification resistance
a: no special abilities


You were on level 6 of the Dungeon.
You visited 1 branch of the dungeon, and saw 6 of its levels.

You collected 319 gold pieces.

Inventory:

Hand Weapons
 a - a +0 war axe
 d - a +1 morningstar
 h - a +5 war axe (weapon)
Armour
 b - a +0 scale mail
 c - a +0 kite shield (worn)
 e - a +0 pair of boots (worn)
 f - a +0 chain mail (worn)
Jewellery
 k - a ring of resist corrosion (left hand)
 m - the amulet of Selounim {Reflect Int+3 SH+5}
   (You found it on level 5 of the Dungeon)

   [amulet of reflection]

   It reflects blocked missile attacks.
   Int:       It affects your intelligence (+3).
   SH:        It affects your SH (+5).
Wands
 l - a wand of iceblast (7)
 q - a wand of acid (3)
Scrolls
 p - a scroll of blinking
 r - a scroll of identify
Potions
 g - 3 potions of attraction
 i - 2 potions of might
 j - a potion of haste


   Skills:
 + Level 6.2 Fighting
 + Level 4.7 Axes
 + Level 6.2 Armour
 + Level 6.2 Shields


You had 7 spell levels left.
You didn't know any spells.
Your spell library contained the following spells:

 Spells                   Type           Power      Damage    Failure   Level
 Animate Skeleton         Necr           0%         N/A       100%        1
 Apportation              Tloc           0%         N/A       100%        1
 Corona                   Hex            0%         N/A       100%        1
 Summon Small Mammal      Summ           0%         N/A       100%        1
 Passwall                 Tmut/Erth      0%         N/A       100%        2
 Ignite Poison            Fire/Tmut/Pois 0%         N/A       100%        3
 Mephitic Cloud           Conj/Pois/Air  0%         N/A       100%        3
 Swiftness                Air            0%         N/A       100%        3
 Bolt of Magma            Conj/Fire/Erth 0%         4d4       100%        5
 Invisibility             Hex            0%         N/A       100%        6


Dungeon Overview and Level Annotations

Branches:
Dungeon (6/15)
 Temple: D:4-7

Altars:
Elyvilon
Fedhas
Hepliaklqana
Sif Muna
Trog


Innate Abilities, Weirdness & Mutations

You are immune to sickness and miasma.
Your stone body is resilient. (AC +5)
You are immune to poison.
You resist negative energy. (rN+)
You are resistant to electric shocks. (rElec)
You are resistant to unholy torment.
You are immune to petrification.


Message History

There is a stone staircase leading down here.
You climb downwards.
Found 21 sling bullets and a Trismegistus Codex.
There is a stone staircase leading up here.
You pick up a Trismegistus Codex and begin reading...
You add the spells Ignite Poison, Mephitic Cloud and Bolt of Magma to your library.
Found 7 gold pieces.
An orc comes into view. It is wielding a +0 flail.
The orc shouts!
You hear a shout!
An orc priest comes into view. It is wielding a +0 club.
The orc priest shouts!
There are monsters nearby!
You hear a shout!
An orc priest comes into view. It is wielding a +0 dagger.
The orc priest shouts!
An orc wizard comes into view. It is wielding a +0 dagger.
The orc priest mumbles some strange prayers to Beogh against you.
Beogh smites you!
The orc priest invokes the aid of Beogh against you.
You are unaffected.
You see here 7 gold pieces.
You closely miss the orc priest.
The orc priest looks braver for a moment.
The orc priest hits you but does no damage.
You closely miss the orc priest.
The orc priest calls down the wrath of Beogh upon you.
Pain shoots through your body!
The orc priest invokes the aid of Beogh against you.
Beogh smites you!
You are too injured to fight recklessly!
Okay, then.
As you read the scroll of teleportation, it crumbles to dust.
You feel strangely unstable. You block the orc priest's attack.
The orc priest mumbles some strange prayers to Beogh against you.
Beogh smites you!
* * * LOW HITPOINT WARNING * * *
Okay, then.
The orc priest invokes the aid of Beogh against you.
Beogh smites you!
You die... #.......# #.......# .......# ...... ..# ....# #.# ooo

#.# #o#
#.# #$#
#.# #@#
#.# #.#
#.#
#.#####.#
#.##....#
##.##....#
#........#
####(.<..#
#.....#
#.#.#.#


You could see 2 orc priests, an orc wizard and an orc.

Vanquished Creatures
  A water moccasin (D:5)
  A black bear (D:5)
  2 ogres (D:5)
  2 centaurs (D:5)
  A kobold brigand (D:4)
  5 wights
  2 hounds (D:4)
  An orc priest (D:3)
  An iguana (D:4)
  2 orc wizards
  2 hound skeletons
  A howler monkey zombie (D:5)
  A gnoll (D:1)
  4 adders
  An ufetubus (D:5)
  A worm (D:2)
  3 dart slugs
  21 orcs
  10 endoplasms
  4 giant cockroaches
  6 goblins
  2 hobgoblins
  6 jackals
  3 quokkas
  3 ball pythons
  5 bats
  12 frilled lizards
  5 kobolds
  2 rats
110 creatures vanquished.

Vanquished Creatures (others)
  2 plants (D:2)
2 creatures vanquished.

Grand Total: 112 creatures vanquished

Notes
Turn   | Place    | Note
-------+----------+-------------------------------------------
     0 | D:1      | Oddysee the Gargoyle Fighter began the quest for the Orb.
     0 | D:1      | Reached XP level 1. HP: 14/14 MP: 1/1
   217 | D:1      | Found a faded altar of an unknown god.
   487 | D:1      | Reached XP level 2. HP: 16/19 MP: 2/2
   738 | D:1      | Reached XP level 3. HP: 18/23 MP: 3/3
  1627 | D:2      | Reached XP level 4. HP: 24/29 MP: 4/4
  1987 | D:2      | Found a bloodstained altar of Trog.
  2333 | D:3      | Reached XP level 5. HP: 33/33 MP: 5/5
  2497 | D:3      | Found a white marble altar of Elyvilon.
  2927 | D:4      | Noticed a kobold brigand
  3326 | D:4      | Killed a kobold brigand
  3327 | D:4      | Reached XP level 6. HP: 27/39 MP: 6/6
  3586 | D:4      | Reached skill level 5 in Fighting
  3586 | D:4      | Reached skill level 5 in Armour
  3586 | D:4      | Reached skill level 5 in Shields
  3586 | D:4      | Reached XP level 7. HP: 29/44 MP: 7/7
  4028 | D:4      | Found a shimmering blue altar of Sif Muna.
  4215 | D:4      | Found a hazy altar of Hepliaklqana.
  4215 | D:4      | Found a blossoming altar of Fedhas.
  4271 | D:5      | Entered Level 5 of the Dungeon
  4290 | D:5      | Identified the amulet of Selounim {Reflect Int+3 SH+5}
  4443 | D:5      | Reached XP level 8. HP: 50/51 MP: 8/8
  5280 | D:6      | Killed from afar by an orc priest

Illustrated notes

Levels and vault maps discovered:
D:1:      minmay_arrival_three_doors, layout_loops_ring,
          hellmonk_ecumenical_altar_crossroads
D:2:      layout_rooms, basic_altar, minmay_lizard_king
D:3:      layout_rooms, mainiacjoe_overflow_six_doors_small,
          columned_hall_lemuel, st_stairs_6
D:4:      layout_rooms, gammafunk_temple_overflow_statue,
          kennysheep_orc_sif_temple
D:5:      layout_basic, hangedman_decor_slide_cut
D:6:      layout_basic, amcnicky_altar_gilded, kennysheep_mini,
          nicolae_dithmenos_shadow_blocks, minmay_temple_entry_ruins,
          serial_shops, shop

Skill      XL: |  1  2  3  4  5  6  7  8 |
---------------+-------------------------+-----
Axes           | 2 3 4 |  4.7
Fighting       | 4 5 6 |  6.2
Armour         | 4 5 6 |  6.2
Shields        | 4 5 6 |  6.2

Action                   |  1- 3 |  4- 6 |  7- 9 || total
-------------------------+-------+-------+-------++-------
Melee: War axe           |   102 |   164 |    79 ||   345
  Use: Scroll            |     2 |     4 |     3 ||     9
       Potion            |       |     6 |       ||     6
Armor: Scale mail        |    61 |   119 |       ||   180
       Chain mail        |       |     3 |    64 ||    67
Dodge: Dodged            |    33 |    59 |    22 ||   114
Block: Kite shield       |    54 |   132 |    61 ||   247
